Map: Babylon LE

Players

SLicKcHeeZEE - Winner!

  • Race: Zerg Zerg
  • League: Bronze
  • Spawn Location: 11:00

A.I. 1 (Medium)

  • Race: Terran Terran
  • Spawn Location: 5:00

VOD

Have the link to the VOD?

Description

Time

  • Played on: Sept. 21, 2026, 10:39 a.m.
  • Length: 9:33
Show
View Real Time Build Order
Export as new Build Order

SLicKcHeeZEE Zerg - Winner!

Build Orders: Hatch First 

Get SALT Encoding   

  6  0:00  Drone  
  9  0:11  Drone  
  10  0:16  Drone  
  11  0:28  Overlord  
  11  0:33  Drone  
  12  0:46  Drone x2  
  14  0:51  Drone  
  15  1:14  Hatchery  
  15  1:17  Drone  
  15  1:21  Drone  
  15  1:24  Drone  
  17  1:40  Spawning Pool  
  17  1:44  Drone  
  17  1:47  Extractor  
  17  1:49  Drone  
  17  1:52  Drone  
  18  2:00  Drone  
  19  2:10  Overlord  
  19  2:26  Queen  
  19  2:28  Queen  
  23  2:30  Zergling x2  
  23  2:33  Drone  
  23  2:36  Drone  
  26  2:39  Drone  
  26  2:42  Drone  
  28  2:50  Metabolic Boost  
  28  2:53  Extractor  
  28  2:57  Overlord  
  27  3:08  Roach Warren  
  27  3:10  Drone  
  27  3:14  Drone  
  27  3:18  Drone  
  29  3:25  Lair  
  29  3:29  Drone  
  30  3:48  Roach  
  32  3:49  Roach  
  32  3:50  Roach x2  
  32  3:52  Overlord  
  38  4:03  Queen  
  40  4:12  Drone  
  40  4:13  Drone  
  40  4:16  Drone  
  43  4:17  Drone  
  43  4:20  Drone  
  45  4:26  Hydralisk Den  
  45  4:27  Glial Reconstitution  
  44  4:33  Overlord  
  44  4:36  Drone  
  45  4:42  Drone  
  45  4:43  Drone  
  45  4:44  Drone  
  48  4:48  Extractor  
  47  4:53  Overlord  
  47  4:55  Hydralisk  
  47  4:57  Hydralisk  
  51  5:03  Hydralisk  
  53  5:07  Hydralisk  
  53  5:13  Roach x2  
  59  5:18  Grooved Spines  
  59  5:20  Drone  
  59  5:21  Drone  
  61  5:24  Drone  
  61  5:26  Drone  
  61  5:28  Drone  
  64  5:47  Hatchery, Evolution Chamber  
  64  5:49  Overlord  
  57  6:04  Overlord  
  57  6:08  Muscular Augments  
  57  6:18  Roach x4  
  65  6:19  Hydralisk x2, Roach  
  71  6:28  Overlord x2  
  71  6:59  Roach  
  71  7:00  Roach x3  
  79  7:01  Roach  
  79  7:02  Hydralisk x4  
  79  7:03  Hydralisk  
  79  7:06  Overlord  
  91  7:20  Roach x2  
  91  7:21  Roach x2  
Show
View Real Time Build Order
Export as new Build Order

A.I. 1 (Medium) Terran 

Build Orders:  

Get SALT Encoding   

  6  0:00  SCV  
  9  0:13  SCV  
  10  0:25  SCV  
  11  0:37  SCV  
  12  0:46  Supply Depot  
  12  0:49  SCV  
  13  1:07  SCV  
  14  1:12  Barracks  
  14  1:19  SCV  
  14  1:21  Refinery  
  15  1:31  SCV  
  16  1:44  SCV  
  17  1:52  Supply Depot  
  17  1:56  SCV  
  17  1:58  Marine  
  19  2:09  Orbital Command, Barracks  
  19  2:16  Marine  
  19  2:21  Refinery  
  20  2:35  Barracks Tech Lab  
  20  2:44  Supply Depot  
  20  2:53  Marine  
  21  3:03  Marine  
  22  3:06  SCV  
  23  3:14  Marauder  
  23  3:15  Supply Depot  
  23  3:18  SCV  
  26  3:31  SCV, Engineering Bay  
  27  3:35  Marauder  
  29  3:43  SCV  
  30  3:55  SCV  
  31  3:57  Marauder  
  33  4:07  SCV  
  34  4:18  Marauder  
  36  5:12  Barracks Tech Lab  
  36  5:13  Marine, SCV  
  38  5:16  Factory  
  38  5:19  Factory  
  38  5:21  Supply Depot  
  38  5:23  Missile Turret  
  38  5:24  Missile Turret  
  38  5:26  SCV  
  39  5:30  Marine  
  40  5:42  SCV  
  41  5:45  Sensor Tower  
  41  5:47  Bunker  
  41  5:49  Marine, Supply Depot  
  32  6:01  Starport, Factory Tech Lab  
  32  6:02  Marine  
  32  6:03  Factory Tech Lab  
  31  6:15  Marine  
  32  6:23  Command Center  
  32  6:28  Marauder  
  34  6:36  Armory  
  34  6:41  Marine  
  34  6:46  Barracks, Starport Tech Lab  
  37  6:54  Marauder  
  37  7:05  Raven  
  37  7:07  Siege Tank  
  42  7:19  Siege Tank  
  45  7:34  Barracks Reactor  
  45  7:36  SCV  
  46  7:39  SCV, Cyclone, Raven  
  46  7:41  Refinery  
  46  7:44  Missile Turret  
  52  7:47  Missile Turret  
  52  7:48  SCV  
  52  7:50  Refinery  
  52  7:51  SCV  
  54  8:00  SCV  
  54  8:03  SCV  
  56  8:12  Bunker, SCV  
  57  8:15  SCV  
  58  8:20  Marine  
  58  8:21  Raven  
  58  8:22  Supply Depot  
  58  8:24  SCV  
  58  8:28  Hellion  
  59  8:35  Marauder  
  59  8:36  SCV  
  51  8:41  Marine  
  42  8:49  Hellion  
  42  8:55  Raven  
  32  8:56  Marine  
  30  9:03  Marine  
  27  9:10  Marine  
Tags
 
League
Bronze
Matchup
TvZ
Spawn Locations
Cross Positions
Add a new tag
Caveats
  • Supply blocks, unpowered buildings, or Contaminate may cause inaccurate times.
  • Supply counts are checked every 10 seconds.